 Dungeon Crawl Stone Soup version 0.26.1-11-gd32895ea62 (webtiles) character file.

Game seed: 3698439474742974670

14 wafflestompin the Sneak (level 2, -2/13 HPs)
             Began as a Spriggan Enchanter on May 16, 2021.
             Slain by a kobold
             ... wielding a +0 dagger
              (4 damage)
             ... on level 1 of the Dungeon.
             The game lasted 00:03:54 (589 turns).

wafflestompin the Sneak (Spriggan Enchanter)         Turns: 589, Time: 00:03:54

Health: -2/13      AC:  2    Str:  4    XL:     2   Next: 31%
Magic:  2/7        EV: 18    Int: 16    God:
Gold:   0          SH:  0    Dex: 16    Spells: 4/7 levels left

rFire    . . .     SeeInvis +   a - +1 dagger
rCold    . . .     Faith    .   (shield restricted)
rNeg     . . .     Spirit   .   e - +0 robe
rPois    .         Reflect  .   (helmet restricted)
rElec    .         Harm     .   (no cloak)
rCorr    .         Rampage  .   (gloves unavailable)
Will     .....                  (boots unavailable)
Stlth    +++.......             (no amulet)
HPRegen  0.04/turn              (no ring)
MPRegen  0.10/turn              (no ring)

@: very quick
A: very small, unfitting armour, see invisible, speed 3
a: no special abilities


You were on level 1 of the Dungeon.
You visited 1 branch of the dungeon, and saw 1 of its levels.

Inventory:

Hand Weapons
 a - a +1 dagger (weapon)
 b - a +0 hunting sling
 h - a +0 hunting sling
Missiles
 f - 29 arrows
 g - 4 stones
Armour
 e - a +0 robe (worn)
Scrolls
 d - a scroll of fog {unknown}


   Skills:
 * Level 1.2 Short Blades
 + Level 3.0 Dodging
 * Level 4.8 Stealth
 + Level 3.0 Spellcasting
 * Level 4.0 Hexes


You had 4 spell levels left.
You knew the following spells:

 Your Spells              Type           Power        Failure   Level
a - Corona                Hex            16%          3%          1
b - Ensorcelled Hibernat  Hex/Ice        16%          12%         2

Your spell library contained the following spells:

 Spells                   Type           Power        Failure   Level
 Confusing Touch          Hex            15%          11%         3
 Tukima's Dance           Hex            15%          11%         3
 Dazzling Flash           Conj/Hex       16%          24%         3


Dungeon Overview and Level Annotations

Branches:
Dungeon (1/15)

Altars:


Innate Abilities, Weirdness & Mutations

You are very small and have problems with some larger weapons.
You are too small for most types of armour.
You have supernaturally acute eyesight. (SInv)
You cover ground extremely quickly.


Message History

The kobold resists with significant effort.
The bat hits you.
* * * LOW HITPOINT WARNING * * *
The bat misses you. The kobold misses you.
As you read the scroll labelled TICWAEX WALAFO, it crumbles to dust.
You smell halfling feet.
It was a scroll of random uselessness.
The bat hits you.
* * * LOW HITPOINT WARNING * * *
The bat misses you. The kobold closely misses you. The bat closely misses you.
The bat completely misses you.
You completely miss the bat. The bat hits you but does no damage.
The bat hits you but does no damage.
You completely miss the bat. The bat barely misses you. x2
The kobold completely misses you.
Your magical contamination has completely faded away.
You hit the bat but do no damage. The bat barely misses you.
The bat closely misses you. The bat misses you.
The kobold hits you with a +0 dagger.
You die...

#.########### #...........#
#.#########.# #.# #.#
#.####### #.### #.......#
#...####### #..####.#
###.#g..g.# #.......#
#.#K###.#########
#..#.########.#@#..g.........
##.....#.#..)..#b#............
....#..#.........#...........#
....#.############.......#.#..
.†.......g. ###.##### ..
.#.......## ..# $. .#######.#
#### .........# ##.#######


You could see a goblin, a bat and a kobold.

Vanquished Creatures
  A dart slug (D:1)
  A leopard gecko (D:1)
  A goblin (D:1)
  3 kobolds (D:1)
  5 bats (D:1)
  A frilled lizard (D:1)
12 creatures vanquished.

Notes
Turn   | Place    | Note
-------+----------+-------------------------------------------
     0 | D:1      | wafflestompin the Spriggan Enchanter began the quest for
                  | the Orb.
     0 | D:1      | Reached XP level 1. HP: 9/9 MP: 5/5
   165 | D:1      | Reached XP level 2. HP: 9/13 MP: 7/7
   186 | D:1      | Learned a level 2 spell: Ensorcelled Hibernation
   589 | D:1      | Slain by a kobold

Illustrated notes

Levels and vault maps discovered:
D:1:      kennysheep_arrival_forest, layout_basic, hex_medium,
          minmay_misc_feat_diagonals, minmay_misc_feat_rugged

Skill      XL: |  1  2 |
---------------+-------+-----
Spellcasting   | 3 |  3.0
Hexes          | 4 |  4.0
Short Blades   | |  1.2
Dodging        | |  3.0
Stealth        | |  4.8

Action                   || total
-------------------------++-------
Melee: Dagger            ||    65
 Cast: Corona            ||     2
       Ensorcelled Hiber ||     7
  Use: Scroll            ||     1
 Stab: Sleeping          ||     5
Armor: Robe              ||    18
Dodge: Dodged            ||   104
